 Dungeon Crawl Stone Soup version 0.31.0-32-g396128a36d (webtiles) character file.

Game seed: 5114554928088303492

12589 hawla the Geomancer (level 11, -3/56 HPs)
             Began as a Felid Shapeshifter on Apr 20, 2024.
             Was a Believer of Makhleb.
             Slain by a troll (7 damage)
             ... on level 11 of the Dungeon on Apr 22, 2024.
             The game lasted 00:31:40 (13877 turns).

hawla the Geomancer (Felid Shapeshifter)           Turns: 13877, Time: 00:31:42

Health: -3/56      AC:  2    Str: 14    XL:     11   Next: 64%
Magic:  0/29       EV: 26    Int: 15    God:    Makhleb [**....]
Gold:   638        SH:  0    Dex: 15    Spells: 10/20 levels left
                                        Lives:  0   Deaths: 4

rFire   . .          .
                       - Unarmed
rCold   . . .        (shield unavailable)
rNeg    . . .        (body armour unavailable)
rPois   .            (helmet unavailable)
rElec   .            (cloak unavailable)
rCorr   .            (gloves unavailable)
SInv    +            (boots unavailable)
Will    +....        j - amulet of guardian spirit
Stlth   ++           e - ring of Lust {MP+9 SInv Stlth+}
HPRegen 0.29/turn    p - ring of wizardry
MPRegen 0.21/turn

%: guardian spirit, wizardry (x1)
@: flux-form, glowing, studying Earth Magic
A: glow, contaminating, very small, claws 1, fangs 3, see invisible, shaggy fur
2, stealthy paws, no weapons or thrown items, no armour, multi-lived
a: Begin Untransformation, Renounce Religion, Minor Destruction


You were on level 11 of the Dungeon.
You worshipped Makhleb.
Makhleb was pleased with you.
You were something dangerously unstable.
You visited 2 branches of the dungeon, and saw 12 of its levels.
You also visited: Sewer and Bailey.

You collected 726 gold pieces.
You spent 88 gold pieces at shops.

Inventory:

Armour
 C - the +0 pair of boots "Cuckate" {Fly rC+}
   (You found it on level 8 of the Dungeon)

   rC+:       It protects you from cold.
   Fly:       It grants you flight.
Jewellery
 e - the ring of Lust (left paw) {MP+9 SInv Stlth+}
   (You acquired it on level 3 of the Dungeon)

   [ring of magical power]

   MP+9:      It affects your magic capacity (+9).
   SInv:      It lets you see invisible.
   Stlth+:    It makes you more stealthy.
 j - an amulet of guardian spirit (around neck)
 l - a +6 ring of strength
 o - a ring of ice
 p - a ring of wizardry (right paw)
 z - a ring of flight
 B - a ring of willpower
Talismans
 b - a beast talisman
 c - a flux talisman (active)
Wands
 i - a wand of charming (16)
 k - a wand of flame (18)
Scrolls
 f - a scroll of identify
 g - 4 scrolls of noise
 m - 3 scrolls of vulnerability
 t - a scroll of poison
 v - a scroll of teleportation
 y - 4 scrolls of amnesia
Potions
 a - a potion of lignification
 d - 6 potions of mutation
 h - 4 potions of haste
 n - 2 potions of brilliance {unknown}
 q - 3 potions of cancellation {unknown}
 r - 4 potions of degeneration {unknown}
 s - 3 potions of heal wounds
 u - 4 potions of might {unknown}
 w - 3 potions of magic {unknown}
 x - a potion of ambrosia {unknown}
 A - a potion of resistance {unknown}


   Skills:
 - Level 5.6 Fighting
 + Level 9.0 Dodging
 - Level 7.9 Stealth
 - Level 6.3 Unarmed Combat
 - Level 5.4 Spellcasting
 - Level 6.4 Conjurations
 + Level 9.5 Earth Magic
 + Level 3.0 Invocations
 - Level 3.0 Evocations
 - Level 7.0 Shapeshifting


You had 10 spell levels left.
You knew the following spells:

 Your Spells              Type           Power      Damage    Failure   Level
a - Passwall              Erth           32%        N/A       1%          3
b - Stone Arrow           Conj/Erth      54%        3d10      1%          3
c - Brom's Barrelling Bo  Conj/Erth      27%        2d5       2%          4

Your spell library contained the following spells:

 Spells                   Type           Power      Damage    Failure   Level
 Sandblast                Erth           64%        2d14      1%          1


Dungeon Overview and Level Annotations

Branches:
Dungeon (11/15)            Temple (1/1) D:5            Lair (0/5) D:8
    Orc (0/2) D:11          Sewer (visited)          Bailey (visited)

Altars:
Ashenzari
Cheibriados
Dithmenos
Elyvilon
Fedhas
Gozag
Hepliaklqana
Kikubaaqudgha
Makhleb
Nemelex Xobeh
Okawaru
Qazlal
Ru
Sif Muna
Trog
Uskayaw
Vehumet
Wu Jian
Xom
Yredelemnul
Zin
The Shining One

Shops:
D:2 !   D:10 (

Annotations:
D:10 exclusions: ice statue and obsidian statue
D:11 Fannar


Innate Abilities, Weirdness & Mutations

You are something dangerously unstable.
You glow with magical radiation, making you easy to see and hit.
Foes you strike become dangerously contaminated with magical radiation.
You have sharp claws.
You have razor-sharp teeth.
You have supernaturally acute eyesight. (SInv)
You are covered in thick fur. (AC +2)
Your paws help you pounce on unaware monsters.
You are incapable of wielding weapons or throwing items.
You cannot wear armour.
You gain extra lives every three experience levels.


Message History

Aiming: Brom's Barrelling Boulder (dangerous; 2% risk of failure)
Press: ? - help, Dir - move target, f/p - troll
Aim: a troll (almost dead, ally target, 100% to hit)
You send a boulder barrelling forward!
Fannar hits your boulder with a +0 quarterstaff of freezing.
Fannar freezes your boulder.
Your boulder crumbles as it rolls away.
Your boulder slams into a wall and explodes!
The rocky shrapnel hits the troll.
The troll is almost dead.
The rocky shrapnel hits Fannar but does no damage.
You barely miss Fannar.
Fannar hits you with a +0 quarterstaff of freezing!
Fannar freezes you.
Unknown command.
You miss Fannar.
Fannar gestures wildly while chanting.
You scratch Fannar but do no damage.
Fannar begins to glow.
Fannar barely misses you. The troll bites you! The troll completely misses you.
The troll barely misses you.
Unknown command.
You scratch Fannar.
Fannar glows dangerously bright.
Your bite misses Fannar.
Fannar is lightly wounded.
The ice beast misses you. The troll misses you. The troll claws you!
The troll closely misses you.
You scratch the ice beast but do no damage.
The ice beast begins to glow.
You bite the ice beast, but do no damage.
The ice beast completely misses you. The troll bites you!!
* * * LOW HITPOINT WARNING * * *
The troll misses you. The troll completely misses you.
Unknown command.
You closely miss the troll. Your bite misses the troll.
The troll is severely wounded.
The ice beast completely misses you. The ice beast hits you.
* * * LOW HITPOINT WARNING * * *
The ice beast freezes you!
* * * LOW HITPOINT WARNING * * *
The troll misses you. x2; The troll claws you!
You die...

..#.#.##.# #.(#.#.#..##.#
................##...........#
..#.#........... #.#.#.#.#.#.#
#.....#..#####.. #.......#.###
##...##..#[!=#.. #.........#
###### ..#?!!#.. #.#########
.#(!)#..##.# #####.T#..#
.....eYp.## ......Y.##
#########


You could see Fannar (heavy contam), a troll and 2 ice beasts.

Vanquished Creatures
  2 two-headed ogres
  3 manticores
  A gargoyle (D:11)
  Maggie (D:9)
  An unseen horror (D:11)
  Jeremiah (D:9)
  5 trolls
  2 shadows
  21 yaks
  3 wyverns
  A steam dragon (D:8)
  2 vampire mosquitoes (D:11)
  Edmund (D:6)
  5 water moccasins
  3 orc warriors
  2 black bears
  2 sky beasts
  An ogre (D:5)
  2 ice beasts
  3 centaurs
  2 wolves (D:8)
  3 phantoms
  A kobold brigand (D:8)
  2 brain worms (Sewer)
  5 scorpions
  A bullfrog (D:9)
  5 wights (D:10)
  A howler monkey (D:7)
  2 electric eels (D:8)
  A bombardier beetle (D:6)
  8 hounds
  7 orc priests
  3 iguanas
  A sleepcap (D:5)
  3 orc wizards
  3 gnolls (D:5)
  A river rat (Sewer)
  8 adders
  2 shadow imps
  A white imp (D:8)
  2 ribbon worms
  25 orcs
  8 ball pythons
  4 endoplasms (D:4)
  8 giant cockroaches
  6 goblins
  4 hobgoblins
  7 jackals
  10 kobolds
  6 quokkas
  6 bats
  14 frilled lizards
  11 rats
233 creatures vanquished.

Vanquished Creatures (collateral kills)
  20 boulders
20 creatures vanquished.

Vanquished Creatures (others)
  19 boulders
19 creatures vanquished.

Grand Total: 272 creatures vanquished

Notes
Turn   | Place    | Note
-------+----------+-------------------------------------------
     0 | D:1      | hawla the Felid Shapeshifter began the quest for the Orb.
     0 | D:1      | Reached XP level 1. HP: 10/10 MP: 2/2
   137 | D:1      | Reached XP level 2. HP: 14/14 MP: 3/3
   682 | D:2      | Identified a scroll of acquirement
   682 | D:2      | Acquired a manual of Earth Magic
   722 | D:2      | Reached XP level 3. HP: 15/18 MP: 4/4
   810 | D:2      | Found Dalov's Distillery.
   831 | D:2      | Bought a potion of heal wounds for 55 gold pieces
   831 | D:2      | Bought a potion of curing for 33 gold pieces
  1094 | D:2      | Slain by a ribbon worm
  1094 | D:2      | Lost a life (0 lives remaining)
  1409 | D:3      | Acquired the ring of Lust {MP+9 SInv Stlth+}
  2253 | D:3      | Reached XP level 4. HP: 22/22 MP: 5/5
  2253 | D:3      | Gained a life (1 life remaining)
  2598 | D:4      | Reached skill level 1 in Earth Magic
  2706 | D:4      | HP: 1/22 [orc priest/divine providence (7)]
  2761 | D:4      | Reached XP level 5. HP: 8/25 MP: 3/6
  2852 | D:4      | Found a glowing silver altar of Zin.
  2860 | D:4      | Found a shimmering blue altar of Sif Muna.
  2865 | D:4      | Found an ancient bone altar of Kikubaaqudgha.
  2974 | D:4      | Found a glowing drain.
  3003 | Sewer    | Entered a sewer
  3110 | Sewer    | Reached skill level 5 in Shapeshifting
  3237 | Sewer    | Gained mutation: You are covered in thick fur. (AC +2)
                  | [Felid growth]
  3237 | Sewer    | Reached XP level 6. HP: 28/30 MP: 7/7
  3588 | D:4      | Reached skill level 5 in Earth Magic
  3868 | D:5      | Entered Level 5 of the Dungeon
  3941 | D:5      | Found a staircase to the Ecumenical Temple.
  3947 | D:5      | Reached XP level 7. HP: 33/33 MP: 8/8
  3947 | D:5      | Gained a life (2 lives remaining)
  3959 | D:5      | Learned a level 3 spell: Passwall
  3960 | Temple   | Entered the Ecumenical Temple
  3975 | Temple   | Became a worshipper of Makhleb the Destroyer
  4066 | D:5      | Learned a level 3 spell: Stone Arrow
  4137 | D:5      | Reached skill level 1 in Conjurations
  4601 | D:5      | Reached XP level 8. HP: 14/37 MP: 9/9
  5280 | D:6      | Noticed Edmund
  5293 | D:6      | Killed Edmund
  5294 | D:6      | Reached skill level 1 in Spellcasting
  5738 | D:6      | Reached * piety under Makhleb
  5854 | D:6      | Reached skill level 5 in Conjurations
  6049 | D:6      | Reached XP level 9. HP: 41/41 MP: 16/16
  6110 | D:6      | Learned a level 4 spell: Brom's Barrelling Boulder
  6667 | D:7      | Noticed a manticore
  6683 | D:7      | Killed a manticore
  6684 | D:7      | Reached skill level 5 in Spellcasting
  6877 | D:7      | Slain by an orc priest
  6877 | D:7      | Lost a life (1 life remaining)
  6895 | D:7      | Reached skill level 1 in Stealth
  7382 | D:8      | Identified the +0 pair of boots "Cuckate" {Fly rC+}
  7436 | D:8      | Found a flagged portal.
  7445 | Bailey   | Entered a bailey
  7485 | Bailey   | HP: 2/43 [orc/+0 halberd (1)]
  7547 | Bailey   | Mangled by an orc warrior
  7547 | Bailey   | Lost a life (0 lives remaining)
  7571 | Bailey   | Noticed an orc knight
  7575 | Bailey   | Noticed an orc knight
  7576 | Bailey   | Noticed an orc knight
  7723 | D:8      | Reached ** piety under Makhleb
  7724 | D:8      | Reached XP level 10. HP: 47/48 MP: 19/19
  7724 | D:8      | Gained a life (1 life remaining)
  8128 | D:8      | Found a staircase to the Lair.
  8749 | D:8      | Reached skill level 5 in Dodging
  9308 | D:9      | Noticed Maggie
  9324 | D:9      | Killed Maggie
  9481 | D:9      | Reached skill level 5 in Stealth
  9636 | D:9      | Noticed Jeremiah
  9656 | D:9      | Killed Jeremiah
  9881 | D:9      | Reached skill level 5 in Unarmed Combat
 10662 | D:10     | Entered Level 10 of the Dungeon
 10843 | D:10     | Reached skill level 5 in Fighting
 10930 | D:10     | Noticed an ice statue
 10945 | D:10     | Reached XP level 11. HP: 55/55 MP: 20/20
 11235 | D:10     | Found a shadowy altar of Dithmenos.
 11235 | D:10     | Found a snail-covered altar of Cheibriados.
 11255 | D:10     | Noticed a two-headed ogre
 11263 | D:10     | Killed a two-headed ogre
 11418 | D:10     | Found Gaobaasm's Weapon Shop.
 11468 | D:10     | Noticed an obsidian statue
 11477 | D:10     | Noticed a sixfirhy
 11490 | D:10     | Slain by a sixfirhy
 11490 | D:10     | Lost a life (0 lives remaining)
 12979 | D:11     | Reached skill level 1 in Invocations
 12979 | D:11     | Reached skill level 1 in Evocations
 13334 | D:11     | Noticed a two-headed ogre
 13358 | D:11     | Killed a two-headed ogre
 13453 | D:11     | Found a staircase to the Orcish Mines.
 13853 | D:11     | Noticed Fannar
 13877 | D:11     | Slain by a troll

Illustrated notes

Levels and vault maps discovered:
D:1:      dpeg_arrival_rooms_with_view, layout_basic
D:2:      layout_basic, serial_shops, nicolae_shop_industrial_runoff,
          minmay_pentomino_x2
D:3:      layout_basic, amcnicky_mini_rare_corridor_liquid
D:4:      layout_loops_ring, minmay_overflow_temple_star_quad,
          portal_sewer_entry_f
D:5:      layout_basic, minmay_temple_entry_steel_oval,
          minmay_misc_feat_four_crosses
D:6:      layout_basic, uniq_edmund
D:7:      layout_rooms
D:8:      layout_layer_cave, erik_lair_island, enter_bailey_8
D:9:      layout_grid_maze, nicolae_two_hexagons, minmay_door_square,
          uniq_jeremiah, uniq_maggie
D:10:     minmay_separated_statues, layout_loops_corners,
          gammafunk_temple_overflow_wave, serial_shops,
          nicolae_shop_rolling_square, grunt_ogre_cave,
          kennysheep_cluttered_room, corexii_corridor_pit,
          minmay_misc_feat_square, minmay_misc_feat_five, minmay_misc_feat_iff
D:11:     layout_rooms, minmay_orc_entry_temple_small, serial_glass,
          glass_columns_a, glass_columns_a, glass_columns_b, glass_columns_a,
          glass_columns_a, glass_columns_c, glass_columns_a, glass_columns_a,
          glass_columns_b, glass_columns_b, glass_columns_c, glass_columns_b,
          glass_columns_b, glass_columns_a, due_unseen_surprise, uniq_fannar
Temple:   bh_familiar_temple

Skill      XL: |  1  2  3  4  5  6  7  8  9 10 11 |
---------------+----------------------------------+-----
Shapeshifting  | 3 4 5 6 7 |  7.0
Earth Magic    | 2 4 5 6 8 9 |  9.5
Conjurations   | 3 5 6 |  6.4
Spellcasting   | 4 5 |  5.4
Dodging        | 4 7 9 |  9.0
Stealth        | 3 7 |  7.9
Fighting       | 2 5 |  5.6
Unarmed Combat | 4 5 6 |  6.3
Invocations    | 3 |  3.0
Evocations     | 3 |  3.0

Action                     |  1- 3 |  4- 6 |  7- 9 | 10-12 || total
---------------------------+-------+-------+-------+-------++-------
  Melee: Unarmed           |   114 |   159 |   342 |   462 ||  1077
         Punch             |     4 |     5 |       |       ||     9
         Bite              |    10 |     9 |    51 |    87 ||   157
   Cast: Stone Arrow       |       |       |     1 |     2 ||     3
         Brom's Barrelling |       |       |       |    46 ||    46
  Evoke: Wand              |       |     2 |     6 |    10 ||    18
    Use: Scroll            |     7 |     7 |     8 |     5 ||    27
         Potion            |     1 |     4 |     5 |     3 ||    13
   Stab: Sleeping          |     3 |     3 |     3 |       ||     9
         Distracted        |       |       |     1 |       ||     1
 Armour: Skin              |    41 |    48 |   152 |   174 ||   415
  Dodge: Dodged            |    86 |   102 |   414 |   556 ||  1158
   Form: Flux              |       |       |     2 |       ||     2
         Beast             |       |       |     1 |       ||     1
